Map: Miner Evacuation

Players

LilArrin

  • Race: Protoss Protoss
  • Spawn Location: 7:00

LilArrin

  • Race: Terran Terran
  • Spawn Location: 7:00

VOD

Have the link to the VOD?

Description

Time

  • Played on: May 12, 2018, 2:40 a.m.
  • Length: 17:40
Show
View Real Time Build Order
Export as new Build Order

LilArrin Protoss 

Build Orders:  

Get SALT Encoding   

Show
View Real Time Build Order
Export as new Build Order

LilArrin Terran 

Build Orders:  

Get SALT Encoding   

  12  0:03  SCV  
  13  0:20  SCV  
  14  0:33  Supply Depot  
  14  0:37  SCV  
  15  0:54  SCV  
  16  1:10  SCV  
  17  1:23  Command Center  
  17  1:28  SCV  
  18  1:45  SCV  
  18  1:48  Barracks  
  19  2:02  SCV  
  20  2:21  Orbital Command  
  20  2:45  Command Center  
  20  2:57  SCV  
  21  3:03  Orbital Command  
  21  3:11  Refinery  
  21  3:14  SCV  
  22  3:21  Refinery  
  22  3:31  SCV  
  23  3:40  SCV  
  23  3:48  SCV  
  25  3:57  Command Center  
  25  4:01  Marine  
  26  4:14  Marine  
  26  4:16  SCV x2  
  29  4:35  Bunker  
  29  4:37  Orbital Command, Bunker  
  29  4:47  Barracks  
  30  4:50  Marine  
  29  4:53  SCV  
  31  5:00  Marine, SCV  
  33  5:10  Marine  
  34  5:20  Marine  
  34  5:27  Marine  
  35  5:30  Marine  
  35  5:36  SCV  
  35  5:37  Orbital Command, Barracks, Combat Shields  
  38  5:44  Barracks Tech Lab  
  38  5:57  SCV x2  
  40  6:00  Barracks Tech Lab  
  40  6:02  Engineering Bay x2  
  40  6:13  Barracks Reactor  
  40  6:14  SCV x2  
  40  6:15  Factory  
  42  6:20  Medic  
  42  6:28  Marine  
  44  6:30  Incinerator Gauntlets  
  44  6:31  Medic  
  44  6:34  Orbital Command  
  44  6:37  SCV  
  44  6:39  Terran Infantry Weapons Level 1, Terran Infantry Armor Level 1  
  48  6:41  Medic, Marine  
  51  6:51  Medic, Marine  
  54  7:01  Marine  
  54  7:04  Marine x2  
  54  7:05  Medic  
  59  7:11  Marine, SCV x2  
  59  7:15  Factory Tech Lab  
  62  7:23  Armory  
  62  7:27  Medic, Marine x2, Stabilizer Medpacks  
  59  7:30  Juggernaut Plating  
  59  7:33  Refinery  
  62  7:44  SCV x2  
  62  7:45  Barracks  
  62  7:47  Barracks, Marine x2  
  64  7:59  Marine, Missile Turret  
  65  8:00  Marine  
  65  8:05  SCV  
  68  8:14  Medic, Supply Depot  
  68  8:16  Supply Depot  
  70  8:21  SCV x2  
  70  8:23  Barracks Tech Lab x2  
  70  8:25  Medic, Marine x2  
  70  8:26  Missile Turret  
  70  8:27  Marine  
  76  8:35  Medic, Marine  
  76  8:38  Marine  
  79  8:42  Marine  
  79  8:45  Marine  
  79  8:48  Marine  
  82  8:55  Marine  
  84  9:01  SCV  
  84  9:13  Medic, Marine, Supply Depot x2  
  84  9:14  Marine, Firebat x3  
  84  9:16  SCV x2  
  96  9:24  Firebat  
  96  9:26  Firebat  
  96  9:29  Marine  
  96  9:30  Firebat, Marine  
  96  9:36  Marine x2  
  96  9:39  Marine  
  100  9:40  Marine  
  100  9:51  Terran Infantry Weapons Level 2, Terran Infantry Armor Level 2  
  100  9:53  Advanced Siege Tech  
  100  9:55  Medic, Marine x3, Supply Depot  
  100  9:56  Marine, Supply Depot  
  103  10:05  Marine  
  104  10:10  Marine x2  
  104  10:11  Firebat  
  108  10:23  Marine x2  
  110  10:31  Marine  
  110  10:32  Firebat  
  110  10:36  SCV x3  
  116  10:41  Supply Depot  
  116  10:42  Marine  
  116  10:43  Missile Turret  
  116  10:44  Marine, Supply Depot, SCV  
  116  10:47  Medic x2  
  119  10:53  SCV x3  
  119  10:55  Marine  
  126  11:00  Marine  
  126  11:01  Firebat, Marine  
  126  11:06  Medic  
  126  11:09  Marine  
  131  11:10  Missile Turret  
  132  11:27  Supply Depot  
  132  11:28  Medic, Firebat x2, Marine  
  132  11:29  Medic, Supply Depot  
  132  11:35  Marine  
  132  11:38  Marine, Firebat  
  132  11:39  Medic, Missile Turret  
  142  11:40  Marine  
  142  11:49  Marine x2  
  148  11:58  Missile Turret  
  148  12:01  Marine x2  
  148  12:02  Marine  
  148  12:07  Medic  
  148  12:08  Marine  
  148  12:14  Marine  
  148  12:16  Medic, Marine x2  
  148  12:18  Marine, Firebat  
  148  12:24  Marine  
  148  12:26  Marine  
  148  12:27  Missile Turret  
  148  12:28  Medic x2, Supply Depot  
  148  12:29  Firebat  
  147  12:30  Marine  
  147  12:34  Marine  
  147  12:36  Marine  
  147  12:38  Marine  
  143  12:40  Marine x2  
  143  12:44  Marine x2  
  143  12:46  Marine  
  143  12:48  Marine  
  137  12:50  Medic  
  137  12:51  Firebat  
  137  12:54  Marine x2  
  137  12:56  Marine  
  137  12:57  Missile Turret  
  137  12:59  Marine  
  145  13:01  Marine  
  145  13:03  Marine  
  145  13:04  Marine  
  149  13:10  Supply Depot  
  149  13:11  Supply Depot  
  149  13:12  Marine x2  
  149  13:15  Siege Tank  
  154  13:30  Marine  
  154  13:31  Medic, Marine  
  154  13:35  Marine x2, Siege Tank  
  162  13:45  Marine  
  160  13:56  Siege Tank  
  160  13:57  Marine x2  
  160  13:58  Marine  
  162  14:02  Marine x2  
  162  14:03  Firebat  
  162  14:08  Medic  
  167  14:16  Siege Tank  
  167  14:18  Marine x2  
  169  14:20  Marine  
  169  14:23  Marine  
  88  14:30  Medic, Marine  
  172  14:33  Supply Depot  
  172  14:34  Supply Depot  
  172  14:35  Marine x2  
  172  14:36  Medic, Marine, Siege Tank  
  169  14:40  Marine, Siege Tank x4  
  169  14:46  Medic, Marine x2  
  174  14:52  Marine x2  
  174  14:56  Marine x2  
  178  15:03  Marine  
  178  15:04  Marine, Missile Turret  
  178  15:05  Marine  
  179  15:12  Marine  
  179  15:14  Marine  
  179  15:21  Medic, Marine x2  
  183  15:35  Missile Turret  
  183  15:36  Marine  
  183  15:37  Medic, Marine  
  183  15:38  Siege Tank  
  184  15:49  Marine x2  
  178  15:58  Siege Tank  
  178  15:59  Marine  
  171  16:00  Marine  
  171  16:02  Medic, Marine x2  
  171  16:07  Marine  
  171  16:09  Missile Turret  
  169  16:10  Marine  
  169  16:11  Marine  
  169  16:12  Medic, Marine  
  169  16:13  Marine  
  169  16:17  Marine  
  169  16:18  Siege Tank  
  162  16:21  Marine x2  
  162  16:22  Medic  
  162  16:23  Marine x2  
  162  16:27  Marine  
  150  16:31  Marine x2  
  150  16:32  Medic  
  150  16:33  Marine x2  
  150  16:37  Marine  
  150  16:38  Siege Tank  
  137  16:41  Marine x2  
  137  16:43  Medic, Marine  
  137  16:44  Marine  
  137  16:48  Marine  
  130  16:51  Marine x2  
  130  16:53  Medic, Marine  
  130  16:54  Marine  
  130  16:58  Marine  
  101  17:01  Marine  
  101  17:02  Marine  
  101  17:03  Marine x2  
  101  17:04  Marine  
  101  17:08  Marine  
  95  17:12  Marine x2  
  95  17:13  Marine x2  
  95  17:14  Marine  
Tags
 
Add a new tag
Caveats
  • Supply blocks, unpowered buildings, or Contaminate may cause inaccurate times.
  • Supply counts are checked every 10 seconds.